 Dungeon Crawl Stone Soup version 0.25-a0-71-ge910a4a285 (webtiles) character file.

Game seed: 5933962138576156701, levelgen mode: deterministic

37879 azhores the Fighter (level 13, -3/94 HPs)
             Began as an Octopode Chaos Knight on Nov 4, 2019.
             Was the Champion of Okawaru.
             Slain by a catoblepas (16 damage)
             ... while petrified by you
             ... on level 6 of the Lair of Beasts.
             The game lasted 00:36:22 (18453 turns).

azhores the Fighter (Octopode Chaos Knight)        Turns: 18453, Time: 00:36:22

Health: -3/94      AC:  8    Str: 16    XL:     13   Next: 99%
Magic:  23/23      EV:  2    Int: 16    God:    Okawaru [******]
Gold:   688        SH:  0    Dex: 12    Spells: 3/26 levels left

rFire    + . .     SeeInvis .   K - +0 war axe (chop)
rCold    + . .     Gourm    .   Q - +2 buckler {AC+3}
rNeg     + + +     Faith    .   (helmet restricted)
rPois    ∞         Spirit   .   k - +5 amulet of reflection
rElec    .         Reflect  +   h - ring of protection from cold
rCorr    .         Harm     .   (no ring)
MR       .....                  H - ring of protection from fire
Stlth    ++........             (no ring)
HPRegen  0.65/turn              (no ring)
MPRegen  0.18/turn              (no ring)
                                (no ring)
                                (no ring)

@: petrified
A: almost no armour, stealthy swim, amphibious, 8 rings, constrict 8, antennae
1, icy blue scales 1, thin metallic scales 1, camouflage 1, clever 1,
regeneration 1, gelatinous body 1, evolution 1, MP-powered wands
a: Heroism, Finesse, Renounce Religion


You were on level 6 of the Lair of Beasts.
You worshipped Okawaru.
Okawaru was exalted by your worship.
You were very hungry.

You visited 3 branches of the dungeon, and saw 19 of its levels.

You collected 1379 gold pieces.
You spent 691 gold pieces at shops.

Inventory:

Hand Weapons
 p - a +1 hand axe of venom
 s - the +10 great sword of Okawaru's Regard {holy, MR- Int+5, unknown}
   (Okawaru gifted it to you on level 6 of the Lair of Beasts)

   It has been blessed by the Shining One to cause great damage to the undead
   and demons.
   It affects your intelligence (+5).
   It affects your resistance to hostile enchantments.
 x - a +4 scimitar of flaming
 F - a +0 flail of protection
 K - a +0 war axe of chopping (weapon)
Missiles
 q - 16 curare-tipped darts (quivered)
 z - 5 throwing nets {!f}
Armour
 Q - a +2 buckler of protection (worn)
 V - a +0 shield of reflection
Magical Staves
 a - an uncursed staff of air
Jewellery
 h - a ring of protection from cold (left tentacle)
 k - a +5 amulet of reflection (around mantle)
 H - a ring of protection from fire (on tentacle)
 N - a cursed amulet of inaccuracy {unknown}
Wands
 d - a wand of disintegration (12)
 g - a wand of flame (43)
 o - a wand of clouds (8)
 v - a wand of iceblast (7)
 R - a wand of enslavement (15)
 S - a wand of paralysis (5)
 T - a wand of polymorph (4)
 Y - a wand of digging (8)
Scrolls
 f - 5 scrolls of enchant armour
 n - 2 scrolls of fog
 r - a scroll of blinking
 t - 5 scrolls of magic mapping
 u - 3 scrolls of amnesia
 y - 2 scrolls of fear
 A - a scroll of brand weapon
 D - 2 scrolls of immolation
 E - a scroll of vulnerability
 G - a scroll of summoning
 I - 2 scrolls of holy word
 J - 2 scrolls of enchant weapon
 U - 8 scrolls of remove curse {@r2}
 W - 5 scrolls of teleportation {@r3}
Potions
 c - 7 potions of lignification
 e - 13 potions of curing {@q1}
 i - a potion of cancellation
 j - 4 potions of heal wounds
 l - a potion of resistance
 m - 2 potions of haste
 w - a potion of magic
 C - 2 potions of ambrosia
 M - a potion of flight
 O - a potion of degeneration
 P - 3 potions of berserk rage {unknown}
 X - a potion of agility {unknown}
Comestibles
 b - 34 rations


   Skills:
 + Level 10.9 Fighting
   Level 3.0 Short Blades
 - Level 9.0 Axes
 - Level 5.0 Dodging
 - Level 7.0 Shields
 + Level 7.1 Spellcasting
 - Level 2.0 Hexes
 - Level 2.0 Necromancy
 + Level 9.6 Transmutations
 * Level 9.8 Earth Magic
 - Level 5.0 Invocations
 - Level 6.0 Evocations


You had 3 spell levels left.
You knew the following spells:

 Your Spells              Type           Power        Failure   Level  Hunger
a - Passwall              Tmut/Erth      #####...     1%          2    None
b - Statue Form           Tmut/Erth      #####....    34%         6    #######
c - Animate Skeleton      Necr           N/A          5%          1    None
d - Confusing Touch       Hex            ##....       5%          1    None
e - Irradiate             Conj/Tmut      ###.......   43%         5    #####..
f - Apportation           Tloc           #.....       12%         1    None
g - Sticks to Snakes      Tmut           #####...     1%          2    None
h - Lee's Rapid Deconstr  Erth           #####.....   6%          5    #####..

Your spell library contained the following spells:

 Spells                   Type           Power        Failure   Level  Hunger
 Beastly Appendage        Tmut           #####.       1%          1    None
 Sandblast                Erth           #####.       1%          1    None
 Spider Form              Tmut/Pois      ###.......   4%          3    ##.....
 Stone Arrow              Conj/Erth      ###...       4%          3    ##.....
 Summon Small Mammal      Summ           #...         12%         1    None
 Petrify                  Tmut/Erth      #####...     2%          4    ####...
 Blade Hands              Tmut           #####.....   6%          5    #####..
 Ice Form                 Ice/Tmut       ###.....     17%         4    ####...
 Hydra Form               Tmut           #####.....   34%         6    #######
 Dragon Form              Tmut           #####.....   89%         7    #######
 Metabolic Englaciation   Hex/Ice        #.........   92%         5    #####..
 Bolt of Cold             Conj/Ice       #.........   100%        6    #######
 Freezing Cloud           Conj/Ice/Air   #.........   100%        6    #######
 Ozocubu's Refrigeration  Ice            #.........   100%        6    #######
 Simulacrum               Ice/Necr       #.........   100%        6    #######


Dungeon Overview and Level Annotations

Branches:
Dungeon (12/15)            Temple (1/1) D:4            Lair (6/6) D:9
 Shoals (0/4) Lair:4       Spider (0/4) Lair:2          Orc (0/2) D:12
  Slime: Lair:5-6

Altars:
Ashenzari
Cheibriados
Dithmenos
Elyvilon
Fedhas
Gozag
Hepliaklqana
Makhleb
Nemelex Xobeh
Okawaru
Qazlal
Ru
Sif Muna
Trog
Vehumet
Wu Jian
Xom
Yredelemnul
Zin
The Shining One

Shops:
D:4 }   D:9 :   D:12 ([

Annotations:
Lair:2 2 runed translucent doors, Dasij's ghost, journeyman VSMo
Lair:4 1 runed translucent door, Kirke; Noxiv's ghost, journeyman FoFi
Lair:5 exclusion: 2 oklob plants


Innate Abilities, Weirdness & Mutations

You cannot wear most types of armour.
You are very stealthy in the water. (Stealth+)
You are amphibious.
You can wear up to eight rings at the same time.
You can use your tentacles to constrict eight enemies at once.
Your skin changes colour to match your surroundings (Stealth+).
Your rubbery body absorbs attacks. (AC +1, EV +1)
You have a pair of small antennae on your head.
You are partially covered in icy blue scales. (AC +2)
You are partially covered in thin metallic scales. (AC +2)
Your mind is acute. (Int +2)
Your natural rate of healing is unusually fast.
You evolve.
You expend magic power (3 MP) to strengthen your wands.


Message History

The blast of calcifying dust hits the yak.
The blast of calcifying dust hits you!
The yak is engulfed in calcifying dust.
The yak is engulfed in calcifying dust.
You have turned to stone.
The yak is engulfed in calcifying dust.
The catoblepas breathes a plume of calcifying dust at you.
The blast of calcifying dust hits you!
You are engulfed in calcifying dust. x2
The catoblepas gores you!!
* * * LOW HITPOINT WARNING * * *
The spiny frog stings you.
* * * LOW HITPOINT WARNING * * *
The yak bellows! x2; The water moccasin hisses angrily.
You are engulfed in calcifying dust.
The catoblepas gores you!
* * * LOW HITPOINT WARNING * * *
The spiny frog stings you.
* * * LOW HITPOINT WARNING * * *
You are engulfed in calcifying dust.
The catoblepas gores you!!
You die...
Xom is highly amused!

#......§#.......##..........
.............P..........P...
.....S..Y....P..%..#........
...#.#..YY...#..%%##........
....###.......#...#........P
...###....Y..#...#.#....P...
...........Y.....####..P.#.#
....#.....FY.....# ##.......
#.......##@....####..#.##..
..#....####....##....#.# .. #
##...# ##....###..#.###..
#P...##.#.....#...#.##...
#......###......(...#.... ##+
#####......#≈#.....##...[...#
...##.#........#≈#......##.......
............%#.#≈#...##.#.##.....
...........##...≈......#####....P


You could see a catoblepas, 5 yaks, a spiny frog and a water moccasin.

Vanquished Creatures
  Snorg (D:11)
  Harold (D:9)
  4 hydras
  A catoblepas (Lair:3)
  6 death yaks
  Erica (Lair:1)
  A two-headed ogre (D:10)
  Pikel (D:7)
  2 manticores
  The ghost of TimeIsEndless the Shield-Bearer, a novice OpVM (D:5)
  2 elephants (Lair:4)
  A black mamba (Lair:4)
  A kobold demonologist (D:12)
  7 spiny frogs
  A rime drake (D:9)
  3 komodo dragons
  An efreet (D:12)
  A polar bear (Lair:3)
  A hornet (D:11)
  7 blink frogs (Lair:1)
  10 hippogriffs
  A spriggan (D:7)
  A wraith (D:10)
  25 yaks
  3 redbacks (Lair:2)
  3 basilisks
  A fire bat (D:6)
  2 wyverns
  Grum (D:11)
  5 water moccasins
  12 porcupines
  A black bear (D:11)
  3 phantoms
  11 orc warriors
  4 ice beasts
  A slave (D:7)
  An eye of draining (D:11)
  3 sky beasts
  3 wolves (D:11)
  10 ogres
  4 centaurs
  14 crocodiles
  3 big kobolds
  17 bullfrogs
  A wyvern zombie (D:12)
  2 gnoll sergeants
  3 scorpions
  10 killer bees
  9 wights
  4 howler monkeys
  2 electric eels
  4 crimson imps
  6 jellies
  8 orc priests
  3 quasits
  2 bullfrog zombies (D:12)
  A centaur zombie (D:12)
  5 centaur skeletons
  A gnoll shaman (D:8)
  11 orc wizards
  5 hounds
  2 bullfrog skeletons
  Terence (D:2)
  2 iguanas
  8 worker ants
  A hell rat (D:9)
  A killer bee zombie (D:9)
  3 hound skeletons
  A howler monkey zombie (D:5)
  3 worker ant zombies
  15 gnolls
  2 howler monkey skeletons
  16 adders
  4 river rats (D:9)
  A shadow imp (D:5)
  An ooze (D:2)
  2 adder skeletons
  2 worms
  7 dart slugs
  4 leopard geckos
  59 orcs
  10 bats
  5 giant cockroaches
  3 goblins
  4 hobgoblins
  14 jackals
  5 quokkas
  2 frilled lizards
  21 kobolds
  2 quokka skeletons
  A fungus (Lair:1)
  A plant (Lair:2)
463 creatures vanquished.

Vanquished Creatures (collateral kills)
  An elephant (Lair:4)
  A spiny frog (Lair:6)
  A hippogriff (Lair:6)
  5 yaks (Lair:6)
  2 crocodiles (Lair:6)
  A gnoll (D:3)
  A fungus (Lair:6)
12 creatures vanquished.

Vanquished Creatures (others)
  2 elephants (Lair:4)
  A slave (D:7)
  A gnoll (D:3)
  An orc (D:11)
  10 fungi
  11 plants
26 creatures vanquished.

Grand Total: 501 creatures vanquished

Notes
Turn   | Place    | Note
-------+----------+-------------------------------------------
     0 | D:1      | azhores the Octopode Chaos Knight began the quest for the
                  | Orb.
     0 | D:1      | Reached XP level 1. HP: 16/16 MP: 1/1
   138 | D:1      | Reached XP level 2. HP: 21/21 MP: 2/2
   538 | D:1      | XOM: harmless Ice miscast
   624 | D:1      | Reached XP level 3. HP: 27/27 MP: 3/3
   783 | D:2      | Reached skill level 4 in Fighting
  1074 | D:2      | XOM: harmless Necr miscast
  1157 | D:2      | Reached XP level 4. HP: 33/33 MP: 4/4
  1182 | D:2      | Noticed Terence
  1188 | D:2      | XOM: confuse monster(s)
  1190 | D:2      | XOM: enchant monster (bad)
  1195 | D:2      | Killed Terence
  1283 | D:2      | XOM: harmless Pois miscast
  1451 | D:2      | XOM: noise
  1548 | D:2      | Reached XP level 5. HP: 34/38 MP: 5/5
  1695 | D:2      | Found a burning altar of Makhleb.
  1697 | D:2      | Found a bloodstained altar of Trog.
  1697 | D:2      | Found a stormy altar of Qazlal.
  1699 | D:2      | Found a shimmering altar of Xom.
  1699 | D:2      | Found a sacrificial altar of Ru.
  1699 | D:2      | Found a shimmering blue altar of Sif Muna.
  1898 | D:3      | XOM: enchant monster (good)
  1899 | D:3      | Reached skill level 5 in Fighting
  2422 | D:4      | Reached XP level 6. HP: 32/45 MP: 6/6
  2443 | D:4      | XOM: harmless Summ miscast
  2451 | D:4      | Noticed a phantom
  2452 | D:4      | XOM: noise
  2564 | D:4      | XOM: potion effect (might)
  2565 | D:4      | Killed a phantom
  2565 | D:4      | Reached skill level 6 in Fighting
  2571 | D:4      | Noticed a phantom
  2581 | D:4      | Killed a phantom
  2581 | D:4      | Reached XP level 7. HP: 19/53 MP: 7/7
  2833 | D:4      | Found a sparkling altar of Nemelex Xobeh.
  2936 | D:4      | Found a staircase to the Ecumenical Temple.
  2976 | D:4      | XOM: harmless Ice miscast
  3019 | Temple   | Entered the Ecumenical Temple
  3118 | Temple   | Fell from the grace of Xom
  3118 | Temple   | Became a worshipper of Warmaster Okawaru
  3185 | D:4      | Found Voecya's Gadget Shop.
  3291 | D:4      | Reached skill level 7 in Fighting
  3291 | D:4      | Reached skill level 5 in Dodging
  3397 | D:4      | XOM: scenery: 1 doors open
  3420 | D:4      | XOM: medium Hex miscast
  3686 | D:5      | Entered Level 5 of the Dungeon
  4149 | D:5      | Found a snail-covered altar of Cheibriados.
  4213 | D:5      | Reached skill level 1 in Shields
  4241 | D:5      | XOM: summons 1 hostile demon
  4385 | D:5      | XOM: give mutations
  4385 | D:5      | Gained mutation: You are clumsy. (Dex -2) [Xom's mischief]
  4385 | D:5      | Gained mutation: Your natural rate of healing is unusually
                  | fast. [Xom's mischief]
  4385 | D:5      | Gained mutation: Your system is resistant to poisons.
                  | (rPois) [Xom's mischief]
  4497 | D:5      | Reached * piety under Okawaru
  4497 | D:5      | Reached XP level 8. HP: 34/61 MP: 8/8
  4591 | D:5      | Found a runed translucent door.
  4594 | D:5      | Noticed TimeIsEndless's ghost (novice OpVM)
  4821 | D:6      | Reached skill level 8 in Fighting
  4999 | D:6      | Reached skill level 1 in Invocations
  5002 | D:6      | Reached ** piety under Okawaru
  5054 | D:6      | Reached skill level 9 in Fighting
  5155 | D:6      | XOM: give mutations
  5155 | D:6      | Gained mutation: You are weak. (Str -2) [Xom's mischief]
  5155 | D:6      | Lost mutation: You are weak. (Str -2) [Xom's mischief]
  5155 | D:6      | Gained mutation: You are partially covered in thin metallic
                  | scales. (AC +2) [Xom's mischief]
  5155 | D:6      | Lost mutation: You are clumsy. (Dex -2) [Xom's mischief]
  5212 | D:6      | XOM: give mutation
  5212 | D:6      | Gained mutation: You are weak. (Str -2) [Xom's mischief]
  5215 | D:6      | Found a basalt altar of Yredelemnul.
  5220 | D:6      | Reached XP level 9. HP: 65/68 MP: 11/11
  5371 | D:6      | XOM: give mutation
  5371 | D:6      | Lost mutation: Your system is resistant to poisons. (rPois)
                  | [Xom's mischief]
  5576 | D:6      | Reached skill level 1 in Axes
  6162 | D:7      | XOM: give mutation
  6162 | D:7      | Lost mutation: You are weak. (Str -2) [Xom's mischief]
  6210 | D:7      | Noticed Pikel
  6223 | D:7      | Killed Pikel
  6223 | D:7      | Reached *** piety under Okawaru
  6267 | D:7      | XOM: noise
  6308 | D:7      | XOM: mild Fire miscast
  6533 | D:7      | XOM: noise
  6635 | D:7      | Reached skill level 5 in Shields
  6760 | D:7      | XOM: mild Hex miscast
  6934 | D:8      | Reached skill level 5 in Invocations
  6940 | D:8      | Reached **** piety under Okawaru
  6962 | D:8      | Reached skill level 10 in Fighting
  6962 | D:8      | Reached XP level 10. HP: 76/76 MP: 10/13
  7027 | D:8      | Reached skill level 5 in Axes
  7057 | D:8      | Found a burning altar of Makhleb.
  7108 | D:8      | XOM: noise
  7341 | D:8      | XOM: divination: magic mapping
  7699 | D:8      | XOM: medium Hex miscast
  7803 | D:8      | Learned a level 2 spell: Passwall
  7817 | D:9      | XOM: noise
  7827 | D:9      | Noticed a death yak
  7832 | D:10     | XOM: noise
  7832 | D:10     | Entered Level 10 of the Dungeon
  7986 | D:10     | XOM: mild Pois miscast
  8212 | D:10     | Noticed a two-headed ogre
  8617 | D:10     | Killed a two-headed ogre
  8617 | D:10     | Reached ***** piety under Okawaru
  8617 | D:10     | Reached skill level 1 in Evocations
  8617 | D:10     | Reached XP level 11. HP: 82/82 MP: 12/14
  8905 | D:11     | Reached skill level 1 in Transmutations
  8909 | D:11     | Reached skill level 1 in Earth Magic
  8915 | D:11     | Noticed Sonja
  8999 | D:11     | Noticed Sonja
  8999 | D:11     | Sonja changed into Sonja the basilisk
  9011 | D:11     | Killed Sonja the basilisk
  9111 | D:11     | Noticed Snorg
  9124 | D:11     | Killed Snorg
  9124 | D:11     | Reached skill level 1 in Spellcasting
  9416 | D:11     | Noticed Grum
  9436 | D:11     | Killed Grum
  9467 | D:11     | XOM: stat loss: -2 Str (13/15)
  9614 | D:11     | Received a gift from Okawaru
  9950 | D:11     | XOM: mild Tmut miscast
  9983 | D:11     | Noticed a six-headed hydra
  9990 | D:11     | Killed a six-headed hydra
 10475 | D:11     | Learned a level 6 spell: Statue Form
 10606 | D:12     | Noticed a manticore
 10617 | D:12     | Killed a manticore
 10801 | D:12     | Found Yfoipses's Weapon Boutique.
 11037 | D:12     | Noticed a six-headed hydra
 11038 | D:12     | Found a staircase to the Orcish Mines.
 11041 | D:12     | Killed a six-headed hydra
 11044 | D:12     | Found Womovi's Armour Boutique.
 11068 | D:12     | Bought a +0 shield of reflection for 93 gold pieces
 11280 | D:12     | Reached skill level 5 in Transmutations
 11284 | D:12     | Reached skill level 5 in Earth Magic
 11284 | D:12     | Reached XP level 12. HP: 89/89 MP: 16/16
 11410 | D:12     | XOM: noise
 11739 | D:12     | Received a gift from Okawaru
 11846 | D:12     | XOM: give mutations
 11846 | D:12     | Gained mutation: Your mind is acute. (Int +2) [Xom's grace]
 11846 | D:12     | Gained mutation: You expend magic power (3 MP) to
                  | strengthen your wands. [Xom's grace]
 11846 | D:12     | Gained mutation: You evolve. [Xom's grace]
 12004 | D:9      | Noticed Harold
 12149 | D:9      | Killed Harold
 12435 | D:9      | Found Xodwihel's Book Boutique.
 12582 | D:9      | Gained mutation: You are partially covered in icy blue
                  | scales. (AC +2) [evolution]
 12734 | D:9      | XOM: mild Tmut miscast
 12767 | D:9      | Noticed a death yak
 12768 | D:9      | Found a staircase to the Lair.
 12770 | D:9      | Noticed a death yak
 12786 | D:9      | Killed a death yak
 12799 | D:9      | Killed a death yak
 12808 | D:9      | Killed a death yak
 13009 | D:9      | XOM: medium Pois miscast
 13009 | D:9      | Was forgiven by Xom
 13209 | D:5      | Killed TimeIsEndless's ghost
 13290 | D:4      | Bought a wand of disintegration (15) for 247 gold pieces
 13290 | D:4      | Bought a wand of clouds (5) for 351 gold pieces
 13414 | Lair:1   | Entered Level 1 of the Lair of Beasts
 13647 | Lair:1   | Noticed Erica
 13658 | Lair:1   | Killed Erica
 13998 | Lair:1   | Found a sparkling altar of Nemelex Xobeh.
 14223 | Lair:1   | Reached skill level 5 in Spellcasting
 14225 | Lair:1   | Received a gift from Okawaru
 14514 | Lair:2   | Reached XP level 13. HP: 92/94 MP: 20/20
 14892 | Lair:2   | Found a large runed translucent door.
 14893 | Lair:2   | Found a large runed translucent door.
 14897 | Lair:2   | Noticed Dasij's ghost (journeyman VSMo)
 14979 | Lair:2   | Found a hole to the Spider Nest.
 14988 | Lair:2   | Reached skill level 5 in Evocations
 15556 | Lair:3   | You fall into a shaft and drop 1 floor!
 15642 | Lair:4   | Noticed Kirke
 15848 | Lair:4   | Reached ****** piety under Okawaru
 16067 | Lair:4   | Found a runed translucent gate.
 16094 | Lair:4   | Found a staircase to the Shoals.
 16233 | Lair:3   | Gained mutation: You have a pair of small antennae on your
                  | head. [evolution]
 16999 | Lair:4   | Received a gift from Okawaru
 17050 | Lair:4   | Noticed Noxiv's ghost (journeyman FoFi)
 17096 | Lair:4   | Learned a level 1 spell: Animate Skeleton
 17098 | Lair:4   | Learned a level 1 spell: Confusing Touch
 17104 | Lair:4   | Learned a level 5 spell: Irradiate
 17106 | Lair:4   | Learned a level 1 spell: Apportation
 17109 | Lair:4   | Learned a level 2 spell: Sticks to Snakes
 17273 | Lair:5   | HP: 2/94 [death yak (20)]
 17537 | Lair:5   | Reached skill level 1 in Hexes
 17537 | Lair:5   | Reached skill level 1 in Necromancy
 18173 | Lair:5   | Learned a level 5 spell: Lee's Rapid Deconstruction
 18195 | Lair:6   | Entered Level 6 of the Lair of Beasts
 18389 | Lair:6   | Received a gift from Okawaru
 18392 | Lair:6   | Got a crude great sword {god gift}
 18453 | Lair:6   | Slain by a catoblepas

Levels and vault maps discovered:
D:1:      scummos_arrival_simple_fountains, layout_basic
D:2:      layout_loops_ring, first_ration, doesnt_xom_only_xom, uniq_terence
D:3:      layout_loops_ring
D:4:      minmay_opposing_rooms, layout_rooms, minmay_temple_entry_glassed_door,
          serial_shops, shop_fountains, serial_curves, eino_curves_02,
          eino_curves_03, nemelex_diamond_rough_becter
D:5:      layout_cave_pools, ebering_ghost_sewer_d, chei_slow_surprise
D:6:      layout_loops_ring, basic_altar, small_statue_intersection
D:7:      layout_loops_ring, the_bakery, uniq_pikel
D:8:      layout_basic, bloody_makhleb, nicolae_two_hexagons
D:9:      layout_basic, dpeg_lair_monsters, serial_shops, shop, uniq_harold
D:10:     layout_long_grid
D:11:     layout_grid_maze, serial_glass, glass_columns_a, glass_columns_b,
          minmay_fractal_squares_5, uniq_snorg, uniq_grum, uniq_sonja
D:12:     layout_basic, orc_david_3, serial_curves, eino_curves_04,
          eino_curves_01
Temple:   kilobyte_greek_temple
Lair:1:   layout_roguey, basic_altar, st_stairs_3, grunt_megastairs_4,
          uniq_erica
Lair:2:   layout_regular_city, spider_nest_entry_funnel_web,
          ebering_ghost_disaster_area
Lair:3:   layout_loops_ring, beast_lair_carwin_2, infiniplex_staircase_pool
Lair:4:   layout_regular_city, minmay_shoals_entry_beasts,
          gammafunk_ghost_split, uniq_kirke
Lair:5:   layout_misc_corridors, small_statue_intersection,
          serial_bayou_shore_a, infiniplex_staircase_pool_2,
          minmay_lair_oklob_chamber
Lair:6:   evil_forest, layout_layer_cave, slime_altar_1, serial_rivers,
          chequers_serial_rivers_micro_a, chequers_serial_rivers_micro_c,
          chequers_serial_rivers_room_b, chequers_serial_rivers_large_a,
          chequers_serial_rivers_micro_a, chequers_serial_rivers_micro_b

Skill      XL: |  1  2  3  4  5  6  7  8  9 10 11 12 13 |
---------------+----------------------------------------+-----
Fighting       | 4 5 6 7 9 10 | 10.9
Dodging        | 3 4 5 |  5.0
Shields        | 2 3 5 7 |  7.0
Invocations    | 3 5 |  5.0
Axes           | 4 7 9 |  9.0
Evocations     | 1 3 4 6 |  6.0
Transmutations | 5 8 9 |  9.6
Earth Magic    | 5 8 9 |  9.8
Spellcasting   | 3 5 7 |  7.1
Hexes          | 2 |  2.0
Necromancy     | 2 |  2.0
Short Blades   | |  3.0

Action                   |  1- 3 |  4- 6 |  7- 9 | 10-12 | 13-15 || total
-------------------------+-------+-------+-------+-------+-------++-------
Melee: Short sword       |    46 |    78 |   214 |       |       ||   338
       Constrict         |    14 |    17 |    76 |   111 |    15 ||   233
       Tentacles         |     5 |    14 |    77 |   141 |    93 ||   330
       Punch             |       |       |     2 |    15 |     7 ||    24
       War axe           |       |       |   121 |   674 |   358 ||  1153
       Unarmed           |       |       |       |     3 |     5 ||     8
Throw: Dart              |       |       |     3 |     5 |       ||     8
 Cast: Animate Skeleton  |       |       |       |       |     7 ||     7
       Confusing Touch   |       |       |       |       |     7 ||     7
Invok: Heroism           |       |       |     6 |    30 |    19 ||    55
Evoke: Wand              |       |       |       |    13 |    13 ||    26
  Use: Scroll            |       |     6 |    10 |    10 |     6 ||    32
       Potion            |       |       |       |     1 |     2 ||     3
 Stab: Sleeping          |     7 |     4 |    12 |     7 |     3 ||    33
       Paralysed         |     1 |       |     2 |     5 |     5 ||    13
       Petrifying        |       |       |     1 |       |       ||     1
       Confused          |       |       |     1 |       |       ||     1
  Eat: Chunk             |     1 |     4 |    14 |    25 |    12 ||    56
Armor: Skin              |     1 |     2 |    15 |    60 |    38 ||   116
Dodge: Dodged            |    19 |    40 |    87 |   293 |   143 ||   582
Block: Other             |     4 |     8 |     5 |     1 |     1 ||    19
       Reflection        |     2 |     1 |     2 |    18 |     1 ||    24
       Shield            |       |       |   156 |   439 |       ||   595
       Buckler           |       |       |       |    50 |   181 ||   231

Table legend:
 A = Non-vault XP
 B = Vault XP
 C = Vault XP percentage of total XP
 D = Non-vault monster count
 E = Vault monster count
 F = Vault count percentage of total count
                 A         B        C        D         E       F
            +---------+---------+-------+---------+---------+-------
      Total |   42521 |   11593 |  21.4 |     419 |      54 |  11.4
            +---------+---------+-------+---------+---------+-------
        D:1 |      40 |       0 |   0.0 |      17 |       0 |   0.0
        D:2 |     106 |      36 |  25.4 |      23 |       1 |   4.2
        D:3 |      38 |       0 |   0.0 |       6 |       0 |   0.0
        D:4 |     596 |      93 |  13.5 |      20 |       4 |  16.7
        D:5 |     352 |     544 |  60.7 |      17 |       4 |  19.0
        D:6 |    1420 |       0 |   0.0 |      38 |       0 |   0.0
        D:7 |     557 |     831 |  59.9 |      17 |       2 |  10.5
        D:8 |    1627 |       0 |   0.0 |      36 |       0 |   0.0
        D:9 |    1983 |    3969 |  66.7 |      36 |      12 |  25.0
       D:10 |    3628 |       0 |   0.0 |      25 |       0 |   0.0
       D:11 |    3508 |    2333 |  39.9 |      55 |      11 |  16.7
       D:12 |    4095 |     412 |   9.1 |      33 |       6 |  15.4
     Lair:1 |    3886 |    1246 |  24.3 |      16 |       4 |  20.0
     Lair:2 |    1832 |     656 |  26.4 |       8 |       3 |  27.3
     Lair:3 |    3396 |     433 |  11.3 |      14 |       4 |  22.2
     Lair:4 |    7603 |     815 |   9.7 |      28 |       2 |   6.7
     Lair:5 |    4062 |     225 |   5.2 |      14 |       1 |   6.7
     Lair:6 |    3792 |       0 |   0.0 |      16 |       0 |   0.0
            +---------+---------+-------+---------+---------+-------
